cohdb
Replays
Latest Replays
All Replays
Popular Replays
Top Player Replays
Match Explorer
How It Works
Community
CoH3 Stats
Reddit
Sign in to upload your games and track your stats! →
Sign in with Steam
Match 35322247
Unlisted
Match 35322247
Overview
Messages
Build Orders
End
Kradschützen Motorcycle Team
Panzergrenadier Squad
Panzergrenadier Squad
Construct Light Support Kompanie
MG34 Team
Construct Mechanized Kompanie
8 Rad Armored Car
Veteran Squad Leaders
Selects Armored Support Battlegroup
Selects Veteran Gunners
Vehicle Survival Package
Construct Panzerarmee Kommand
Rapid Advance
Emergency Repair Kits
Panzer III L Medium Tank
Panzer III L Medium Tank
Advanced Optics
Tungsten Core Ammunition
Advanced Field Repairs
Armored Reserves
Panzergrenadier Squad
Selects Salvage Kits
Selects Panzer Storm
Selects Stuka Dive Bomb
Stuka Dive Bomb
Tiger Heavy Tank
s73r01d
ZuDenWaffen
santa75551
Frycio
wula
ZakDok
Kimchi Bomb
D3C0Y
0
0
Comments
sign in to comment!
No comments posted yet!